 Dungeon Crawl Stone Soup version 0.18-a0-1078-gebb93d0 (webtiles) character file.

70 ater218 the Poker (level 4, 0/34 HPs)
             Began as a Merfolk Gladiator on Jan 14, 2016.
             Shot with an arrow by a centaur (8 damage)
             ... on level 3 of the Dungeon.
             The game lasted 00:08:52 (1901 turns).

ater218 the Poker (Merfolk Gladiator)               Turns: 1901, Time: 00:08:52

Health: 0/34       AC:  4    Str: 15    XL:     4   Next: 22%
Magic:  4/4        EV: 14    Int: 10    God:
Gold:   58         SH:  0    Dex: 15    Spells: 0 memorised, 3 levels left

rFire  . . .     SeeInvis .     a - +1 trident
rCold  . . .     Gourm    .     b - +0 leather armour
rNeg   . . .     Faith    .     (no shield)
rPois  .         Spirit   .     c - +0 helmet
rElec  .         Dismiss  .     (no cloak)
rCorr  .         Reflect  .     (no gloves)
SustAt .         Harm     .     (no boots)
MR     .....                    (no amulet)
Stlth  ++........               m - ring of stealth
                                k - +3 ring of intelligence

@: not resistant to hostile enchantments, unstealthy
A: change form in water, swift swim
a: no special abilities


You were on level 3 of the Dungeon.
You were not hungry.

You visited 1 branch of the dungeon, and saw 3 of its levels.

You collected 58 gold pieces.

Inventory:

Hand Weapons
 a - a +1 trident (weapon)
Missiles
 d - 3 throwing nets (quivered)
Armour
 b - a +0 leather armour (worn)
 c - a +0 helmet (worn)
Jewellery
 k - a +3 ring of intelligence (left hand)
 m - a ring of stealth (right hand)
Wands
 l - a wand of lightning (9/15)
Scrolls
 e - a scroll of recharging
 g - 2 scrolls of remove curse
Potions
 i - a potion of agility {unknown}
 j - a potion of might {unknown}
Comestibles
 f - 2 bread rations
 h - 3 meat rations


   Skills:
 - Level 2.3 Fighting
 * Level 6.3 Polearms
 - Level 2.1 Throwing
 - Level 0.1 Armour
 - Level 4.7 Dodging


You had 3 spell levels left.
You didn't know any spells.

Dungeon Overview and Level Annotations

Branches:
Dungeon (3/15)

Altars:
Pakellas


Message History

The arrow completely misses you.
An orc wizard comes into view. It is wielding a dagger of flaming.
You see here an arrow.
The centaur shoots an arrow.
The arrow hits you! The goblin barely misses you.
The centaur shoots an arrow.
The arrow hits you.
You see here 2 arrows.
You hit the goblin.
The goblin is moderately wounded.
The orc wizard gestures wildly while chanting.
The orc wizard flickers and vanishes!
Deactivating autopickup; reactivate with Ctrl-A.
The goblin hits you but does no damage.
The centaur shoots an arrow.
The arrow hits you but does no damage.
The centaur shoots an arrow.
The arrow hits you!
* * * LOW HITPOINT WARNING * * *
You see here 2 arrows.
The centaur shoots an arrow.
The arrow hits you but does no damage.
You see here an arrow.
The centaur shoots an arrow.
The arrow hits you!
You die...

......... ........#
#......# # #.c....#
.# .#=....(####.###.
.......(.........
.....#.(...#.### ....
#.g...#......... .##
#.@...+..........
####....##.........
.........#.........
.........#.........
.........#.........
.........#.........
..........'.......(.
##.........#.........
.#.................


You could see a centaur and a goblin.

Vanquished Creatures
  3 adders (D:2)
  2 giant geckos (D:1)
  5 orcs (D:3)
  A giant cockroach (D:2)
  8 goblins
  2 hobgoblins (D:2)
  A quokka (D:2)
  4 bats
  2 giant newts (D:1)
  5 kobolds
  4 rats
37 creatures vanquished.

Notes
Turn   | Place    | Note
--------------------------------------------------------------
     0 | D:1      | ater218 the Merfolk Gladiator began the quest for the Orb.
     0 | D:1      | Reached XP level 1. HP: 16/16 MP: 1/1
   214 | D:1      | Reached XP level 2. HP: 19/22 MP: 2/2
   651 | D:2      | Found an oddly glowing altar of Pakellas.
   668 | D:2      | Reached skill level 5 in Polearms
   668 | D:2      | Reached XP level 3. HP: 10/28 MP: 3/3
  1454 | D:2      | Reached skill level 6 in Polearms
  1488 | D:2      | Reached XP level 4. HP: 30/34 MP: 4/4
  1895 | D:3      | Noticed a centaur
  1901 | D:3      | Shot with an arrow by a centaur

Vault maps used:
D:1:      lemuel_arrival_hallway
D:2:      kennysheep_big_flooded_room, lemuel_crystal_altar, first_bread,
          interstate_on_off
D:3:      serial_curves, eino_curves_01, eino_curves_01, minmay_unequal,
          uniq_robin, uniq_sigmund, uniq_crazy_yiuf_cottage, uniq_purgy

Action                   |  1- 3 |  4- 6 || total
-------------------------+-------+-------++-------
Melee: Trident           |   105 |    26 ||   131
  Use: Potion            |     2 |     2 ||     4
       Scroll            |     2 |     1 ||     3
 Stab: Sleeping          |     3 |       ||     3
  Eat: Bread ration      |     1 |       ||     1
